 Dungeon Crawl Stone Soup version 0.27.1-33-g824d729ab1 (webtiles) character file.

Game seed: 9689077646199429175

51 SeanCanFly the Cudgeller (level 3, -1/33 HPs)
             Began as a Minotaur Monk on Nov 25, 2021.
             Succumbed to a gnoll's poison
             ... on level 2 of the Dungeon.
             The game lasted 00:02:37 (1357 turns).

SeanCanFly the Cudgeller (Minotaur Monk)            Turns: 1357, Time: 00:02:38

Health: -1/33      AC:  2    Str: 16    XL:     3   Next: 58%
Magic:  2/2        EV: 13    Int:  7    God:
Gold:   50         SH:  0    Dex: 12    Spells: 2/2 levels left

rFire    . . .     SeeInvis .   a - +0 mace
rCold    . . .     Faith    .   (no shield)
rNeg     . . .     Spirit   .   b - +0 robe
rPois    .         Reflect  .   (helmet restricted)
rElec    .         Harm     .   (no cloak)
rCorr    .         Rampage  .   (no gloves)
Will     .....                  (no boots)
Stlth    ++........             (no amulet)
HPRegen  0.11/turn              (no ring)
MPRegen  0.08/turn              (no ring)

@: lethally poisoned (-1 -> -8)
A: horns 2, retaliatory headbutt
a: no special abilities


You were on level 2 of the Dungeon.
You visited 1 branch of the dungeon, and saw 2 of its levels.

You collected 50 gold pieces.

Inventory:

Hand Weapons
 a - a +0 mace (weapon)
Armour
 b - a +0 robe (worn)
Jewellery
 i - a ring of fire
Wands
 k - a wand of flame (19)
Scrolls
 d - 2 scrolls of teleportation {unknown}
 e - a scroll of vulnerability {unknown}
 f - a scroll of holy word {unknown}
 g - a scroll of summoning {unknown}
 h - a scroll of identify {unknown}
 j - a scroll of enchant armour {unknown}
 l - a scroll of torment {unknown}
Potions
 c - a potion of resistance {unknown}
 m - a potion of ambrosia {unknown}


   Skills:
 + Level 4.1 Fighting
 * Level 4.4 Maces & Flails
 + Level 1.5 Armour
 + Level 3.7 Dodging
 - Level 1.5 Stealth


You had 2 spell levels left.
You didn't know any spells.
Your spell library contained the following spells:

 Spells                   Type           Power      Damage    Failure   Level
 Summon Small Mammal      Summ           0%         N/A       43%         1
 Call Canine Familiar     Summ           0%         N/A       80%         3
 Summon Guardian Golem    Hex/Summ       0%         N/A       80%         3


Dungeon Overview and Level Annotations

Branches:
Dungeon (2/15)

Altars:


Innate Abilities, Weirdness & Mutations

You have a pair of horns on your head.
You reflexively headbutt those who attack you in melee.


Message History

A bat is nearby!
A bat is nearby!
You barely miss the bat. You headbutt the bat.
You kill the bat!
Found a whip.
You see here a bat corpse.
Found 7 gold pieces.
A gnoll comes into view. It is wielding a +0 spear.
m - a murky red potion The gnoll shouts!
You hear a shout!
A gnoll comes into view. It is wielding a +0 halberd.
There are monsters nearby!
The gnoll closely misses you. The gnoll hits you with a +0 halberd.
The gnoll misses you.
You completely miss the gnoll. The gnoll barely misses you.
You furiously retaliate!
You headbutt the gnoll. The gnoll barely misses you.
The gnoll shouts!
You hit the gnoll.
The gnoll is heavily wounded.
The gnoll barely misses you. x2
You hit the gnoll but do no damage.
The gnoll is heavily wounded.
The gnoll hits you with a +0 halberd! The gnoll closely misses you.
The gnoll hits you with a +0 halberd!
You sock the gnoll!
You kill the gnoll!
The gnoll barely misses you.
The gnoll hits you from afar with a +0 spear.
* * * LOW HITPOINT WARNING * * *
You barely miss the gnoll. Your headbutt misses the gnoll.
The gnoll hits you with a +3 whip of venom.
* * * LOW HITPOINT WARNING * * *
You are lethally poisoned!
The gnoll closely misses you.
* * * LOW HITPOINT WARNING * * *
You feel sick. The gnoll closely misses you. You furiously retaliate!
You headbutt the gnoll. You barely miss the gnoll.
Your headbutt misses the gnoll.
The gnoll is moderately wounded.
You die...

...........>....###
...........###.....#
g..........#....####.##
.............##...##..#
...........†.##.....#.##
...$.......#........#..#
...........#..g......#†##
#.............g####.....#
#...........###g@........#
.#........### #..........#
....)....## ............#
.#..##.### ...#########..#
#.. #. #..## ... # .. #.
.... ... . ....# #... ....


You could see 2 gnolls.

Vanquished Creatures
  A gnoll (D:2)
  An adder (D:2)
  A dart slug (D:1)
  4 ball pythons
  6 bats
  An endoplasm (D:1)
  3 goblins
  5 hobgoblins
  2 frilled lizards
  2 kobolds
  4 rats
30 creatures vanquished.

Notes
Turn   | Place    | Note
-------+----------+-------------------------------------------
     0 | D:1      | SeanCanFly the Minotaur Monk began the quest for the Orb.
     0 | D:1      | Reached XP level 1. HP: 19/19 MP: 0/0
   372 | D:1      | Reached XP level 2. HP: 27/27 MP: 1/1
   638 | D:1      | Reached skill level 1 in Armour
  1242 | D:2      | Reached XP level 3. HP: 33/33 MP: 2/2
  1356 | D:2      | HP: 1/33 [poisoned by a gnoll]
  1357 | D:2      | Succumbed to a gnoll's poison

Illustrated notes

Levels and vault maps discovered:
D:1:      doesnt_arrival_eight_statues, layout_basic
D:2:      layout_rooms

Skill      XL: |  1  2 |
---------------+-------+-----
Maces & Flails | 4 |  4.4
Armour         | 1 |  1.5
Fighting       | 4 |  4.1
Dodging        | |  3.7
Stealth        | |  1.5

Action                   || total
-------------------------++-------
Melee: Mace              ||    50
       Headbutt          ||     9
 Stab: Sleeping          ||     5
Armor: Robe              ||     7
Dodge: Dodged            ||    44
